 Dungeon Crawl Stone Soup version 0.17-a0-2073-gde5cdba (webtiles) character file.

222356 4thArraOfDagon the Brawler (level 18, 15/227 HPs)
             Began as a Troll Monk on Oct 14, 2015.
             Was the Champion of Cheibriados.
             Quit the game on level 5 of the Pits of Slime.
             The game lasted 01:35:38 (12871 turns).

4thArraOfDagon the Brawler (Troll Monk)            Turns: 12871, Time: 01:35:39

Health: 15/227     AC: 13    Str: 46    XL:     18   Next: 9%
Magic:  25/25      EV: 24    Int: 25    God:    Cheibriados [******]
Gold:   558        SH:  0    Dex: 30    Spells: 5 memorised, 12 levels left

rFire  . . .     SeeInvis +       - Unarmed
rCold  + + .     Rnd*Rage +     (armour currently unavailable)
rNeg   + . .     SustAt   .     V - +0 shield
rPois  ∞         Gourm    +     n - +2 hat
rElec  +         Spirit   .     j - +0 cloak
rCorr  .         Warding  .     (gloves unavailable)
rMut   .         Stasis   .     (boots unavailable)
MR     +....                    (no amulet)
Stlth  ++........               v - ring of ice
                                J - ring "Nodidogi" {rF+ rC+ SInv}

@: confused, mighty, agile, statue-form, corroded equipment, very slow, somewhat
resistant to hostile enchantments, unstealthy
A: unfitting armour, antennae 1, claws 3, hooves 1, (icy blue scales 0), rugged
brown scales 1, berserk 1, dopey 1, fast metabolism 3, gourmand, poison
resistance, regeneration 2, screaming 1, (shaggy fur 0), (tough skin 0)
a: End Transformation, Bend Time, Temporal Distortion, Slouch, Step From Time,
Renounce Religion
}: 2/15 runes: serpentine, barnacled


You were on level 5 of the Pits of Slime.
You worshipped Cheibriados.
Cheibriados was exalted by your worship.
You were not hungry.
You were a stone statue.
You visited 7 branches of the dungeon, and saw 41 of its levels.
You also visited: Labyrinth.

You collected 2467 gold pieces.
You spent 1909 gold pieces at shops.

Inventory:

Hand Weapons
 D - a cursed -1 giant spiked club of draining
Missiles
 d - a throwing net
 t - 14 large rocks (quivered)
Armour
 e - the +0 robe of the Saviour (melded) {Str+3 Int+4}
   (You bought it in a shop on level 4 of the Orcish Mines)

   It affects your strength (+3).
   It affects your intelligence (+4).
 j - a +0 cloak (worn)
 n - a +2 hat (worn)
 L - the +9 armour of the Dragon King {rPois rF+ rC+ MR+}
   (You took it off a merfolk javelineer on level 4 of the Shoals)

   It protects you from fire.
   It protects you from cold.
   It protects you from poison.
   It affects your resistance to hostile enchantments.
 V - a +0 shield (worn)
Magical Staves
 G - an uncursed staff of wizardry {!a}
Rods
 q - a +0 rod of destruction (12/12)
   (You found it on level 9 of the Dungeon)
 I - a +4 rod of clouds (12/12)
   (You found it in a labyrinth)
Jewellery
 i - an uncursed ring of protection from fire
 p - an uncursed ring of fire
 v - a ring of ice (right claw)
 y - an uncursed ring of wizardry
 J - the ring "Nodidogi" (left claw) {rF+ rC+ SInv}
   (You found it in a labyrinth)

   [ring of see invisible]

   It protects you from fire.
   It protects you from cold.
   It lets you see invisible.
 T - an uncursed ring of teleportation
Wands
 f - a wand of paralysis (0)
 g - a wand of fire (7)
 m - a wand of teleportation (6)
 K - a wand of cold (4)
 O - a wand of disintegration (15)
 R - a wand of disintegration (11)
 W - a wand of teleportation (1)
 X - a wand of digging (12)
Scrolls
 a - 3 scrolls of recharging
 h - 2 scrolls of noise
 k - 2 scrolls of silence
 u - 3 scrolls of remove curse
 A - 2 scrolls of enchant armour
 F - a scroll of identify
 M - a scroll of magic mapping
 P - 3 scrolls of fog
 Q - a scroll of torment
Potions
 c - a potion of brilliance
 B - a potion of might
 H - 2 potions of flight
Miscellaneous
 w - a stone of tremors
Comestibles
 b - 7 bread rations
 o - 8 meat rations
 E - 7 royal jellies


   Skills:
 - Level 8.7 Fighting
 - Level 8.8 Dodging
 - Level 1.1 Stealth
 + Level 6.3 Shields
 - Level 16.7 Unarmed Combat
 - Level 5.3 Spellcasting
 * Level 9.8 Translocations
 - Level 9.7 Transmutations
 - Level 10.9 Earth Magic
 - Level 9.1 Invocations
 - Level 7.1 Evocations


You had 12 spell levels left.
You knew the following spells:

 Your Spells              Type           Power        Failure   Level  Hunger
a - Statue Form           Trmt/Erth      ######...    34%         6    ######.
b - Apportation           Tloc           ######....   1%          1    None
c - Summon Butterflies    Summ           #.......     17%         1    None
d - Repel Missiles        Chrm/Air       #.....       24%         2    None
e - Silence               Hex/Air        #.........   100%        5    #####..


Dungeon Overview and Level Annotations

Branches:
Dungeon (15/15)              Lair (8/8) D:9          Shoals (4/4) Lair:4
  Snake (4/4) Lair:5        Slime (5/6) Lair:7          Orc (4/4) D:11
    Elf (1/3) Orc:4        Depths (0/5) D:15
 Temple: D:4-7       Vaults: D:13-14

Altars:
Cheibriados
Dithmenos
Elyvilon
Nemelex Xobeh
The Shining One
Beogh

Shops:
Orc:1 (   Orc:4 :[([   Shoals:4 [   Snake:1 =

Annotations:
Lair:6 exclusion: upstairs
Lair:8 exclusion: oklob plant


Innate Abilities, Weirdness & Mutations

You are too large for most types of armour.
You have claws for hands.
Your metabolism is lightning-fast.
You like to eat raw meat.
You heal very quickly.
((You are covered in fur (AC +1).))
((You have very tough skin (AC +2).))
You have a pair of small antennae on your head.
You have large cloven feet.
((You are partially covered in icy blue scales (AC +1).))
(You are partially covered in rugged brown scales (AC +1, +3% HP).)
You tend to lose your temper in combat.
You are dopey. (Int -2)
Your system is resistant to poisons.
You occasionally shout uncontrollably at your foes.


Message History

The splash of acid hits you!
* * * LOW HITPOINT WARNING * * *
The acid burns!
* * * LOW HITPOINT WARNING * * *
The golden eye blinks at you.
You are more confused.
The jelly misses you. x2
The azure jelly completely misses you. x3
The azure jelly barely misses you.
Unknown command.
Unknown command.
Unknown command.
You're too confused!
You're too confused!
You're too confused!
You're too confused!
You're too confused!
You're too confused!
You're too confused!
Are you sure you want to abandon this character and quit the game? (Confirm with "yes".)

.# ......##.....
##.#.#.#..........
#...##.#.........
#......#......##. .
###............... ..
###.#....GG......# ...
##........J......#
....#........GJJ....##
.......>......8J.....#
...#..<.......J....#.#
##.)......>..#......
#.....#.........#....
##...................
#..............#...
.................##
..................#
#.#....#...........


You could see an acid blob, an azure jelly, 3 jellies and 3 golden eyes.

Vanquished Creatures
  Rupert (Orc:4)
  2 acid blobs (Slime:2)
  Polyphemus (Shoals:4)
  6 greater nagas (Snake:4)
  Ilsuiw (Shoals:4)
  3 azure jellies
  Donald (Slime:5)
  The ghost of asdu the Eclecticist, a journeyman DEWz of Vehumet (Snake:4)
  Nessos (D:15)
  A minotaur (Lab)
  5 merfolk javelineers
  3 fire dragons (D:15)
  4 merfolk impalers (Shoals:4)
  A death ooze (Slime:5)
  Fannar (D:10)
  10 naga warriors
  The ghost of brucemayne the Severer, a journeyman DsBe of Trog (Orc:4)
  A great orb of eyes (Slime:4)
  2 ogre magi (Orc:4)
  3 hydras
  2 catoblepae
  3 merfolk avatars
  A centaur warrior (D:13)
  17 anacondas
  The ghost of George the Carver, a novice MiFi of the Shining One (D:10)
  5 shock serpents
  6 death yaks
  3 merfolk aquamancers
  The ghost of Nico3ck the Basher, a novice NaBe of Trog (D:11)
  7 satyrs (Shoals:4)
  2 tengu warriors (D:12)
  Urug (Orc:2)
  The ghost of brucemayne the Cleaver, a novice DsBe of Trog (D:11)
  4 naga sharpshooters (Snake:4)
  A deep elf knight (Elf:1)
  5 salamander mystics (Snake:4)
  2 deep trolls (Orc:4)
  An unseen horror (D:13)
  8 naga ritualists
  3 sea snakes
  5 harpies (Shoals:4)
  6 hill giants
  4 lindwurms (Snake:4)
  4 griffons
  6 manticores
  A shining eye (Slime:3)
  A wolf spider zombie (D:15)
  4 ugly things (D:14)
  5 cyclopes
  An orc sorcerer (Orc:3)
  5 water nymphs (Shoals:4)
  15 mana vipers
  5 guardian serpents (Snake:4)
  5 sirens
  11 salamanders
  2 eyes of devastation
  31 black mambas
  14 fauns (Shoals:4)
  19 naga magi
  A torpor snail (Lair:7)
  15 elephants
  2 centaur skeletons
  3 kobold demonologists (D:13)
  2 komodo dragons
  A queen bee (Orc:1)
  14 spiny frogs
  5 polar bears
  The ghost of 4thArraOfDagon the Chopper, an amateur MiFi (D:7)
  2 harpy zombies (Shoals:4)
  A wind drake (Shoals:4)
  6 fire drakes (Lair:8)
  3 giant leeches (Lair:8)
  11 trolls
  The ghost of PeterLawrence the Basher, an amateur MiFi (D:6)
  6 two-headed ogres (Orc:4)
  11 merfolk
  45 slime creatures
  A hornet zombie (D:15)
  A trapdoor spider zombie (D:12)
  2 griffon zombies (Shoals:4)
  A trapdoor spider (Lab)
  21 blink frogs
  6 snapping turtles
  A vampire (D:15)
  A wyvern (D:14)
  A spriggan (Lair:3)
  3 basilisks
  6 water elementals
  10 yaks
  3 hippogriffs
  15 vampire mosquitoes
  4 deep elf magi
  7 golden eyes
  2 hungry ghosts (D:10)
  31 nagas
  15 wolves
  2 deep elf fighters (Elf:1)
  2 mottled dragons
  2 soldier ants
  2 wargs
  8 water moccasins
  16 orc warriors
  A black bear (Lair:3)
  6 porcupines
  A black bear (shapeshifter) (D:15)
  6 necrophages
  2 sky beasts
  2 phantoms
  3 ice beasts (D:8)
  27 ogres
  3 eyes of draining
  17 centaurs
  10 crocodiles
  A big kobold (D:14)
  A brain worm (D:13)
  17 giant frogs
  A wyvern zombie (D:11)
  A wyvern skeleton (D:7)
  4 scorpions
  The ghost of 4thArraOfDagon the Ruffian, a weakling TrEn (D:4)
  A hippogriff zombie (Shoals:4)
  23 killer bees
  3 centaur zombies
  11 wights
  6 crimson imps
  A wyvern simulacrum (D:8)
  8 electric eels
  24 orc priests
  A giant frog zombie (D:12)
  2 giant frog skeletons
  4 hounds
  11 jellies
  4 iguanas
  21 orc wizards
  A gnoll shaman (D:8)
  8 worker ants
  16 sheep
  3 giant frog simulacra (D:8)
  2 hound skeletons
  A mummy (D:12)
  2 worker ant zombies (D:7)
  11 gnolls
  17 river rats
  5 shadow imps
  12 adders
  2 white imps (D:8)
  An ufetubus (D:8)
  An adder skeleton (D:5)
  An adder simulacrum (D:8)
  4 giant geckos
  137 orcs
  2 bat zombies (Shoals:4)
  8 giant cockroaches
  2 hobgoblins
  6 kobolds
  2 quokkas
  2 ball pythons
  2 bats (D:1)
  2 giant newts
  A goblin (D:1)
  A rat (D:1)
  A bush (D:8)
  A plant (Shoals:4)
1038 creatures vanquished.

Vanquished Creatures (others)
  A big kobold (D:13)
  9 fungi
  21 plants
31 creatures vanquished.

Grand Total: 1069 creatures vanquished

Notes
Turn   | Place    | Note
--------------------------------------------------------------
     0 | D:1      | 4thArraOfDagon the Troll Monk began the quest for the Orb.
     0 | D:1      | Reached XP level 1. HP: 22/22 MP: 0/0
   154 | D:2      | Reached XP level 2. HP: 22/29 MP: 1/1
   219 | D:3      | Reached skill level 5 in Unarmed Combat
   230 | D:3      | Reached XP level 3. HP: 33/36 MP: 2/2
   362 | D:4      | Found a shadowy altar of Dithmenos.
   398 | D:5      | Entered Level 5 of the Dungeon
   404 | D:4      | Noticed a scorpion
   430 | D:4      | Noticed 4thArraOfDagon's ghost (weakling TrEn)
   447 | D:4      | Reached XP level 4. HP: 24/44 MP: 3/3
   502 | D:4      | Killed 4thArraOfDagon's ghost
   502 | D:4      | Reached skill level 6 in Unarmed Combat
   580 | D:4      | Reached XP level 5. HP: 50/50 MP: 4/4
   692 | D:5      | Reached skill level 7 in Unarmed Combat
   757 | D:5      | Reached XP level 6. HP: 56/59 MP: 5/5
   797 | D:5      | Reached skill level 8 in Unarmed Combat
   797 | D:5      | Reached XP level 7. HP: 21/66 MP: 6/6
   878 | D:6      | Noticed PeterLawrence's ghost (amateur MiFi)
  1034 | D:7      | Noticed 4thArraOfDagon's ghost (amateur MiFi)
  1042 | D:7      | Reached skill level 9 in Unarmed Combat
  1050 | D:7      | Killed 4thArraOfDagon's ghost
  1063 | D:7      | Reached skill level 10 in Unarmed Combat
  1071 | D:7      | Reached XP level 8. HP: 63/74 MP: 7/7
  1275 | D:6      | Killed PeterLawrence's ghost
  1333 | D:8      | no god
  1347 | D:8      | Reached skill level 11 in Unarmed Combat
  1358 | D:8      | Noticed a polar bear
  1419 | D:8      | Found a sparkling altar of Nemelex Xobeh.
  1419 | D:8      | Found a snail-covered altar of Cheibriados.
  1420 | D:8      | Found a white marble altar of Elyvilon.
  1425 | D:8      | Became a worshipper of Cheibriados the Contemplative
  1425 | D:8      | Reached * piety under Cheibriados
  1425 | D:8      | Reached ** piety under Cheibriados
  1474 | D:8      | Noticed a polar bear
  1485 | D:8      | Killed a polar bear
  1485 | D:8      | Reached skill level 1 in Invocations
  1520 | D:9      | Noticed a troll
  1525 | D:9      | Killed a troll
  1525 | D:9      | Reached XP level 9. HP: 79/81 MP: 9/9
  1536 | D:9      | Identified a +0 rod of destruction (12/12) (You found it on level 9 of the Dungeon)
  1551 | D:9      | Found a staircase to the Lair.
  1552 | D:9      | Noticed a komodo dragon
  1618 | D:8      | Gained mutation: You have large cloven feet. [mutagenic meat]
  1619 | D:8      | Gained mutation: You have hoof-like feet. [mutagenic meat]
  1620 | D:8      | Gained mutation: You have a pair of small antennae on your head. [mutagenic meat]
  1621 | D:8      | Gained mutation: You tend to lose your temper in combat. [mutagenic meat]
  1654 | D:8      | Found a glowing golden altar of the Shining One.
  1762 | D:8      | Killed a polar bear
  1812 | D:8      | Reached skill level 12 in Unarmed Combat
  1899 | D:8      | Noticed a polar bear
  1908 | D:8      | Killed a polar bear
  1965 | D:8      | Noticed a polar bear
  1975 | D:8      | Reached *** piety under Cheibriados
  1994 | D:8      | Killed a polar bear
  2063 | D:8      | Reached XP level 10. HP: 25/94 MP: 12/12
  2131 | D:9      | Killed a komodo dragon
  2217 | D:9      | Noticed a troll
  2228 | D:9      | Killed a troll
  2272 | D:10     | Entered Level 10 of the Dungeon
  2273 | D:10     | Noticed George's ghost (novice MiFi)
  2295 | D:10     | Killed George's ghost
  2295 | D:10     | Reached skill level 13 in Unarmed Combat
  2296 | D:10     | Reached **** piety under Cheibriados
  2330 | D:10     | Noticed a hill giant
  2337 | D:10     | Killed a hill giant
  2337 | D:10     | Reached skill level 5 in Fighting
  2380 | D:10     | Reached skill level 5 in Dodging
  2380 | D:10     | Reached skill level 5 in Invocations
  2556 | D:10     | Noticed Fannar
  2578 | D:10     | Killed Fannar
  2645 | D:10     | Reached XP level 11. HP: 99/104 MP: 14/14
  2703 | D:11     | Reached ***** piety under Cheibriados
  2803 | D:11     | Found a staircase to the Orcish Mines.
  2809 | D:11     | Noticed Nico3ck's ghost (novice NaBe)
  2816 | D:11     | Noticed brucemayne's ghost (novice DsBe)
  2818 | D:11     | Gained mutation: You are dopey. (Int -2) [potion of mutation]
  2818 | D:11     | Gained mutation: You are partially covered in icy blue scales (AC +1). [potion of mutation]
  2818 | D:11     | Gained mutation: You are partially covered in rugged brown scales (AC +1, +3% HP). [potion of mutation]
  2825 | D:11     | Killed brucemayne's ghost
  2840 | D:11     | Killed Nico3ck's ghost
  2840 | D:11     | Reached skill level 14 in Unarmed Combat
  2999 | D:12     | Noticed a five-headed hydra
  3015 | D:12     | Noticed a tengu warrior
  3023 | D:12     | Killed a tengu warrior
  3025 | D:12     | Noticed a tengu warrior
  3039 | D:12     | Killed a tengu warrior
  3048 | D:12     | Killed a five-headed hydra
  3394 | D:12     | Reached XP level 12. HP: 116/118 MP: 14/16
  3488 | D:13     | Noticed a four-headed hydra
  3613 | D:13     | Noticed a centaur warrior
  3624 | D:13     | Reached skill level 15 in Unarmed Combat
  3624 | D:13     | Killed a centaur warrior
  3817 | D:15     | Entered Level 15 of the Dungeon
  3983 | D:15     | Noticed Nessos
  3996 | D:15     | Noticed a fire dragon
  3996 | D:15     | Killed Nessos
  4005 | D:15     | Killed a fire dragon
  4016 | D:15     | :(
  4016 | D:15     | no fda
  4051 | D:15     | Noticed a fire dragon
  4064 | D:15     | Killed a fire dragon
  4078 | D:15     | :(
  4141 | D:15     | Found a staircase to the Depths.
  4223 | D:15     | Lost mutation: You have hoof-like feet. [mutagenic meat]
  4224 | D:15     | Gained mutation: Your system is resistant to poisons. [mutagenic meat]
  4249 | D:15     | Noticed a fire dragon
  4264 | D:15     | Killed a fire dragon
  4405 | D:14     | Reached XP level 13. HP: 65/130 MP: 18/18
  4448 | D:13     | Reached skill level 1 in Evocations
  4574 | D:11     | You fall through a shaft!
  4653 | Orc:1    | Entered Level 1 of the Orcish Mines
  4694 | Orc:1    | Found Loelicla's Antique Weapon Shop.
  4746 | Orc:1    | Reached skill level 16 in Unarmed Combat
  4878 | Orc:1    | You fall through a shaft!
  4878 | Orc:2    | Noticed Urug
  4882 | Orc:2    | Reached ****** piety under Cheibriados
  4886 | Orc:2    | Killed Urug
  4962 | Orc:2    | Found a roughly hewn altar of Beogh.
  5104 | Orc:4    | Entered Level 4 of the Orcish Mines
  5141 | Orc:4    | Noticed brucemayne's ghost (journeyman DsBe)
  5157 | Orc:4    | Killed brucemayne's ghost
  5190 | Orc:4    | HP: 2/131 [cyclops/large rock (24)]
  5204 | Orc:4    | HP: 3/131 [cyclops (12)]
  5276 | Orc:4    | Noticed Rupert
  5289 | Orc:4    | Killed Rupert
  5437 | Orc:4    | Found Xemierch's Weapon Emporium.
  5437 | Orc:4    | Found Mimnoj's Book Boutique.
  5605 | Orc:4    | Found a staircase to the Elven Halls.
  5703 | Orc:4    | Found Tyfosoit's Antique Armour Shoppe.
  5704 | Orc:4    | Found Vusuf's Antique Armour Shoppe.
  5756 | Orc:4    | Bought a faintly glowing robe for 176 gold pieces
  5774 | Orc:4    | Bought a book of the Earth for 780 gold pieces
  5784 | Orc:4    | Learned a level 6 spell: Statue Form
  5795 | Orc:4    | Identified the cursed +0 robe of the Saviour {Str+3 Int+4} (You bought it in a shop on level 4 of the Orcish Mines)
  5896 | Elf:1    | Entered Level 1 of the Elven Halls
  5906 | Elf:1    | Reached XP level 14. HP: 91/141 MP: 19/19
  5911 | Elf:1    | Reached skill level 1 in Transmutations
  6329 | Orc:4    | Bought a book of Party Tricks for 600 gold pieces
  6331 | Orc:4    | Learned a level 1 spell: Apportation
  6333 | Orc:4    | Learned a level 1 spell: Summon Butterflies
  6528 | Lair:1   | Entered Level 1 of the Lair of Beasts
  6588 | Lair:1   | Reached skill level 1 in Earth Magic
  6879 | Lair:3   | Found a labyrinth entrance.
  6888 | Lab      | Entered a labyrinth
  7066 | Lab      | wasted lab
  7066 | Lab      | :(
  7084 | Lab      | +2k
  7496 | Lab      | Got a steaming glass ring
  7498 | Lab      | Identified the ring "Nodidogi" {rF+ rC+ SInv} (You found it in a labyrinth)
  7501 | Lab      | n bad
  7502 | Lab      | Identified a +4 rod of clouds (12/12) (You found it in a labyrinth)
  7516 | Lair:3   | Reached skill level 1 in Spellcasting
  7865 | Lair:5   | Found a staircase to the Snake Pit.
  8089 | Lair:7   | Found a staircase to the Slime Pits.
  8156 | Lair:8   | Entered Level 8 of the Lair of Beasts
  8232 | Lair:8   | Reached skill level 5 in Earth Magic
  8428 | Lair:8   | Reached skill level 5 in Transmutations
  8683 | Lair:8   | Reached XP level 15. HP: 100/149 MP: 20/20
  9109 | Snake:1  | Entered Level 1 of the Snake Pit
  9407 | Snake:3  | Gained mutation: You occasionally shout uncontrollably at your foes. [mutagenic glow]
  9630 | Snake:4  | Entered Level 4 of the Snake Pit
  9737 | Snake:4  | Noticed a greater naga
  9752 | Snake:4  | Killed a greater naga
  9758 | Snake:4  | Noticed a greater naga
  9803 | Snake:4  | Noticed a greater naga
  9810 | Snake:4  | Killed a greater naga
  9814 | Snake:4  | Noticed a greater naga
  9818 | Snake:4  | Killed a greater naga
  9956 | Snake:4  | Killed a greater naga
  9956 | Snake:4  | Reached XP level 16. HP: 157/157 MP: 21/21
 10158 | Snake:4  | Noticed a greater naga
 10161 | Snake:4  | Killed a greater naga
 10173 | Snake:4  | Reached skill level 10 in Earth Magic
 10241 | Snake:4  | Reached skill level 5 in Spellcasting
 10262 | Snake:4  | Noticed a greater naga
 10269 | Snake:4  | Killed a greater naga
 10448 | Snake:4  | Reached skill level 1 in Translocations
 10454 | Snake:4  | Got a serpentine rune of Zot
 10517 | Snake:4  | Noticed asdu's ghost (journeyman DEWz)
 10521 | Snake:4  | Killed asdu's ghost
 10686 | Snake:1  | Reached skill level 5 in Translocations
 10732 | Snake:1  | Found Veviewn's Jewellery Shoppe.
 10737 | Snake:1  | Found a snail-covered altar of Cheibriados.
 10742 | Snake:1  | Bought a cursed ring of teleportation for 217 gold pieces
 10817 | Lair:4   | Found a staircase to the Shoals.
 10845 | Shoals:1 | Entered Level 1 of the Shoals
 10997 | Shoals:4 | Entered Level 4 of the Shoals
 11015 | Shoals:4 | Noticed Ilsuiw
 11021 | Shoals:4 | Killed Ilsuiw
 11036 | Shoals:4 | Reached XP level 17. HP: 141/165 MP: 20/24
 11075 | Shoals:4 | Reached skill level 5 in Evocations
 11122 | Shoals:4 | Found Tapeax's Antique Armour Boutique.
 11136 | Shoals:4 | Bought a glowing hat for 136 gold pieces
 11202 | Shoals:4 | Reached skill level 1 in Shields
 11205 | Shoals:4 | HP: 8/214 [satyr/poisoned arrow (17)]
 11569 | Shoals:4 | Identified Sif Muna's Papyrus of Feathers (You found it on level 4 of the Shoals)
 11578 | Shoals:4 | Noticed Polyphemus
 11589 | Shoals:4 | Killed Polyphemus
 11740 | Shoals:4 | Identified the Reference Book on the Oath
 11844 | Shoals:4 | Got a barnacled rune of Zot
 11955 | Shoals:2 | Learned a level 2 spell: Repel Missiles
 11961 | Shoals:2 | Learned a level 5 spell: Silence
 11982 | Shoals:2 | Reached skill level 5 in Shields
 12127 | Slime:1  | Entered Level 1 of the Pits of Slime
 12549 | Slime:3  | Reached XP level 18. HP: 164/175 MP: 19/25
 12841 | Slime:5  | Noticed Donald
 12848 | Slime:5  | Killed Donald
 12871 | Slime:5  | Quit the game

Vault maps used:
D:1:      mrwooster_arrival_statue_3
D:2:      uniq_iyjb
D:3:      kennysheep_vampire_church, serial_glass, glass_columns_b,
          glass_columns_c, uniq_natasha
D:4:      grunt_dithmenos_smoke_and_mirrors, kennysheep_mini_moat, first_bread
D:6:      minmay_temple_entry_butterflies, serial_shops, shop,
          serial_bayou_lagoon_a, kennysheep_crisscross, minmay_strange_pillars
D:7:      the_bakery
D:8:      nicolae_overflow_crystal_walls, gammafunk_temple_overflow_forgotten,
          serial_ice, serial_ice_m, serial_ice_l, serial_ice_d, serial_ice_o,
          serial_ice_n, serial_ice_a, serial_ice_g, serial_ice_h, serial_ice_f,
          serial_ice_b
D:9:      david_lair_shrubbed
D:10:     uniq_fannar
D:11:     orc_0_dummy, uniq_sonja
D:12:     portal_ice_cave_entry_pillars_01, serial_undead, serial_undead_e,
          serial_undead_e, serial_undead_a, serial_undead_e, serial_undead_f
D:13:     grunt_vaults_entry_tiered
D:14:     infiniplex_staircase_zigzag_3
D:15:     grunt_enter_depths_hoard, minmay_misc_feat_doors, st_stairs_4,
          uniq_nessos
Lair:2:   beast_lair_carwin_3
Lair:3:   lab_entry_generic, grunt_forest_stairs_clearing, lemuel_fruit_fields,
          serial_bayou_shore_a
Lair:4:   minmay_shoals_entry_lonely_mermaid, lemuel_fruit_tree,
          grunt_megastairs_2
Lair:7:   minmay_slime_entry_pillars, grunt_megastairs_3, uniq_maud
Lair:8:   minmay_lair_end_frog_pond, minmay_lair_drake_nest
Shoals:3: nicolae_shoals_c_island
Shoals:4: serial_shops, nicolae_shop_overgrown_old_shop,
          shoals_end_grunt_garden, shoals_ilsuiw_alternative,
          nicolae_shoals_undead_eyrie, uniq_polyphemus
Snake:1:  basic_altar, serial_shops, nicolae_shop_stone, serial_bayou_shore_b
Snake:4:  snake_pit_salamanders_mu, st_stairs_5, spider_trap, uniq_mara
Slime:1:  nicolae_slime_barrier
Slime:2:  nicolae_slime_welcoming_committee
Slime:4:  cheibrodos_slime_lost_civilization_4
Slime:5:  nicolae_slime_jelly_donut, cheibrodos_slime_lost_civilization_5,
          uniq_donald
Orc:1:    serial_shops, nicolae_shop_behind_doors, basic_altar, special_room
Orc:2:    minmay_orc_temple_a, uniq_urug
Orc:3:    special_room, nicolae_orc_pool_cavern, nicolae_orc_crystal_geode
Orc:4:    st_orc_open, uniq_rupert
Elf:1:    hangedman_elf_disciples, uniq_frances, uniq_roxanne
Lab:      labyrinth_watery, nicolae_lab_starburst, nicolae_lab_grate_2

Action                   |  1- 3 |  4- 6 |  7- 9 | 10-12 | 13-15 | 16-18 || total
-------------------------+-------+-------+-------+-------+-------+-------++-------
Melee: Unarmed           |    49 |    56 |   207 |   423 |   902 |   516 ||  2153
Throw: Large rock        |       |       |       |     9 |    86 |    25 ||   120
       Throwing net      |       |       |       |       |       |     1 ||     1
 Cast: Statue Form       |       |       |       |       |    10 |    57 ||    67
       Apportation       |       |       |       |       |       |     5 ||     5
       Repel Missiles    |       |       |       |       |       |     2 ||     2
       Summon Butterflie |       |       |       |       |       |     2 ||     2
Invok: Bend Time         |       |       |       |     1 |     1 |       ||     2
       Slouch            |       |       |       |     7 |    15 |     3 ||    25
       Temporal Distorti |       |       |       |       |     3 |     3 ||     6
       Step From Time    |       |       |       |       |     2 |     4 ||     6
 Abil: Evoke Teleportati |       |       |       |       |       |     2 ||     2
Evoke: Wand              |       |       |    10 |     5 |     6 |     3 ||    24
       Rod               |       |       |       |       |     3 |       ||     3
  Use: Scroll            |       |     6 |     3 |     6 |     8 |     9 ||    32
       Potion            |       |     4 |     1 |     9 |     2 |    10 ||    26
 Stab: Sleeping          |     1 |       |       |     2 |     3 |     1 ||     7
       Paralysed         |       |       |     2 |       |       |       ||     2
       Betrayed ally     |       |       |     1 |       |       |       ||     1
  Eat: Chunk             |     9 |     2 |    14 |    28 |    54 |    40 ||   147
       Fruit             |       |       |       |       |       |     3 ||     3
       Beef jerky        |       |       |       |       |       |     2 ||     2
       Pizza             |       |       |       |       |       |     1 ||     1
       Royal jelly       |       |       |       |       |       |     2 ||     2
